AoeStats
← Lady Macbeth

Arabia

506451203Analyzed
2v2 RM · 19d ago on Sep 13, 2026· 56m 38s· 4 players
Game mode
Random Map
Map size
Medium (4 player)
Population
200
Speed
Normal
Resources
Standard
Victory
Conquest
Starting age
Dark Age
Ending age
Imperial Age
RankedLock teamsTeams togetherTeam positionsShared explorationLock speedFull tech treeHidden civsTurbo modeCheats
Victory
Defeat
🇪🇸 Poles · Spain
809
+14
🇪🇸 Goths · Spain
767
+16
🇪🇸 Aztecs · Spain
796
-16
🇪🇸 Franks · Spain
748
-14
frape.97
3:27 Loom
11:46 Feudal Age
12:45 Double-Bit Axe
13:00 Town Watch
13:50 Wheelbarrow
13:04 Horse Collar
17:48 Gold Mining
17:49 Stone Mining
22:52 Castle Age
21:27 Fletching
21:57 Padded Archer Armor
23:40 Forging
25:23 Bow Saw
25:45 Elite Skirmisher
26:04 Crossbowman
28:02 Heavy Plow
28:56 Ballistics
28:42 Bodkin Arrow
29:02 Leather Archer Armor
33:08 Iron Casting
32:33 Scale Mail Armor
35:14 Imperial Age
35:15 Gold Shaft Mining
35:16 Stone Shaft Mining
35:24 Squires
35:09 Arson
37:05 Chemistry
36:02 Murder Holes
37:36 Conscription
39:19 Pikeman
42:59 Blast Furnace
42:14 Chain Mail Armor
42:14 Atlatl
42:48 Garland Wars
43:00 Eagle Warrior
44:09 Elite Jaguar Warrior
51:01 Hand Cart
51:54 Elite Eagle Warrior
Lady Macbeth
0:45 Loom
11:14 Feudal Age
13:13 Double-Bit Axe
14:45 Wheelbarrow
21:25 Castle Age
19:47 Town Watch
22:22 Husbandry
28:08 Fletching
28:20 Padded Archer Armor
28:15 Crossbowman
32:02 Forging
31:53 Scale Mail Armor
34:20 Hand Cart
49:41 Squires
49:26 Arson
50:13 Arson
51:04 Pikeman
53:49 Gambesons
SaintJimmy_21
6:56 Loom
9:27 Feudal Age
9:54 Double-Bit Axe
12:25 Horse Collar
19:37 Forging
19:28 Scale Mail Armor
18:50 Man-at-Arms
24:22 Castle Age
24:47 Stone Mining
24:50 Gold Mining
24:51 Long Swordsman
25:31 Squires
25:40 Heavy Plow
25:53 Bow Saw
28:14 Iron Casting
27:55 Chain Mail Armor
31:18 Wheelbarrow
36:02 Hand Cart
39:42 Imperial Age
38:43 Murder Holes
40:18 Two-Handed Swordsman
41:06 Caravan
42:14 Crop Rotation
42:24 Stone Shaft Mining
43:27 Blast Furnace
44:05 Champion
47:53 Perfusion
48:14 Conscription
49:48 Two-Man Saw
jurjur.mobile
8:27 Loom
10:52 Feudal Age
13:46 Forging
13:42 Scale Barding Armor
13:33 Double-Bit Axe
16:42 Bloodlines
22:49 Castle Age
23:04 Gold Mining
23:48 Bow Saw
23:53 Husbandry
25:07 Wheelbarrow
25:08 Scale Barding Armor
26:02 Caravan
32:26 Szlachta Privileges
34:07 Horse Collar
35:19 Iron Casting
35:28 Heavy Plow
36:13 Chain Barding Armor
38:53 Imperial Age
39:27 Cavalier
41:54 Blast Furnace
Connection lost

Rejoining the realm…

Still unreachable

The connection could not be restored.

Session expired

The server has moved on; the page needs a fresh start.